 Dungeon Crawl Stone Soup version 0.19.1-1-g22dce08 (console) character file.

2654 shas the Grappler (level 9, 0/84 HPs)
             Began as a Troll Berserker on Jan 17, 2017.
             Was an Elder of Trog.
             Slain by a hellwing (7 damage)
             ... on level 7 of the Dungeon.
             The game lasted 00:37:34 (4973 turns).

shas the Grappler (Troll Berserker)                 Turns: 4973, Time: 00:37:35

Health: 0/84       AC:  6    Str: 30    XL:     9   Next: 36%
Magic:  9/9        EV: 12    Int:  3    God:    Trog [****..]
Gold:   262        SH:  0    Dex:  9    Spells: 0 memorised, 8 levels left

rFire  . . .     SeeInvis .       - Unarmed
rCold  . . .     Gourm    +     a - +1 animal skin
rNeg   . . .     Faith    .     (no shield)
rPois  .         Spirit   .     (helmet restricted)
rElec  .         Reflect  .     (no cloak)
rCorr  .         Harm     .     (gloves unavailable)
MR     ++...     Clarity  +     (boots unavailable)
Stlth  ++........               t - amulet of rage
                                e - ring of protection from magic
                                s - ring of protection from magic

@: about to teleport
A: unfitting armour, claws 3, clarity, fast metabolism 3, gourmand, regeneration
1, shaggy fur 1, tough skin 2, evolution 1
a: Berserk, Trog's Hand, Brothers in Arms, Burn Spellbooks, Renounce Religion,
Evoke Berserk Rage


You were on level 7 of the Dungeon.
You worshipped Trog.
Trog was greatly pleased with you.
You were not hungry.

You visited 1 branch of the dungeon, and saw 7 of its levels.

You collected 262 gold pieces.

Inventory:

Hand Weapons
 o - a +1 flail of crushing
Armour
 a - a +1 animal skin (worn)
Jewellery
 e - a ring of protection from magic (right claw)
 n - an uncursed ring of magical power
 s - a ring of protection from magic (left claw)
 t - an amulet of rage (around neck)
Wands
 k - a wand of acid (13/15)
 u - a wand of digging (10/24)
Scrolls
 i - a scroll of enchant weapon
 j - a scroll of magic mapping
Potions
 d - a potion of cure mutation
 g - 3 potions of might
 h - 2 potions of agility
 p - a potion of cancellation
 r - a potion of haste
Comestibles
 b - 6 bread rations
 c - a beef jerky
 f - 2 meat rations
 m - a slice of pizza
 v - 5 chunks of flesh


   Skills:
 + Level 3.9 Fighting
 + Level 5.6 Dodging
 + Level 1.6 Stealth
 + Level 10.3 Unarmed Combat
 + Level 1.4 Evocations


You had 8 spell levels left.
You didn't know any spells.

Dungeon Overview and Level Annotations

Branches:
Dungeon (7/15)             Temple (0/1) D:6

Altars:
Yredelemnul


Innate Abilities, Weirdness & Mutations

You are too large for most types of armour.
You have claws for hands.
Your metabolism is lightning-fast.
You like to eat raw meat.
Your natural rate of healing is unusually fast.
You are covered in fur. (AC +1)
You have very tough skin. (AC +2)
You possess an exceptional clarity of mind.
You evolve.


Message History

The centaur warrior zombie hits you but does no damage.
You barely miss the centaur warrior zombie.
The centaur warrior zombie is lightly damaged.
The centaur warrior zombie closely misses you.
The hellwing barely misses you. The hellwing closely misses you.
As you read the scroll of fear, it crumbles to dust.
You assume a fearsome visage.
The centaur warrior skeleton is unaffected.
The hellwing is unaffected.
The centaur warrior zombie is unaffected.
The centaur warrior zombie hits you.
* * * LOW HITPOINT WARNING * * *
The hellwing hits you!
* * * LOW HITPOINT WARNING * * *
The hellwing barely misses you.
As you read the scroll of teleportation, it crumbles to dust.
You feel strangely unstable. The centaur warrior zombie hits you.
* * * LOW HITPOINT WARNING * * *
The hellwing misses you. The hellwing hits you!
You die...

........#...##....##............
........4.......................
........#.5..........|....######
.55.###.##..##'#####.###..# 8.5.
#####5W##..####'###..##... P5.
............................ ..
.!.........Z................
8######.###Z###..##...###### #.#
#@# #+###...# ...#.4.....#<...#
....+.......#....#
.....#.......##...# ..$..
##..##..###+## #### +##


You could see a hellwing, a centaur warrior zombie and a centaur warrior
skeleton.

Vanquished Creatures
  Pikel (D:5)
  A centaur skeleton (D:7)
  Prince Ribbit (D:7)
  A hungry ghost (D:7)
  Edmund (D:4)
  A slave (D:5)
  2 orc warriors
  2 ogres (D:6)
  A phantom (D:6)
  2 bullfrogs (D:6)
  Blork the orc (D:4)
  3 scorpions
  A howler monkey (D:4)
  2 crimson imps
  3 jellies
  2 hounds
  An orc priest (D:6)
  A bullfrog skeleton (D:4)
  A gnoll shaman (D:6)
  2 orc wizards
  An iguana (D:4)
  3 worker ants (D:6)
  8 adders
  A howler monkey skeleton (D:4)
  4 shadow imps
  3 oozes
  2 adder skeletons
  2 worms (D:2)
  2 dart slugs
  5 leopard geckos
  9 orcs
  11 bats
  4 giant cockroaches
  4 goblins
  3 hobgoblins
  6 jackals
  7 kobolds
  3 ball pythons
  2 frilled lizards
  3 quokka skeletons (D:4)
  6 rats
119 creatures vanquished.

Vanquished Creatures (others)
  A worker ant (D:5)
  A withered plant (D:7)
2 creatures vanquished.

Grand Total: 121 creatures vanquished

Notes
Turn   | Place    | Note
-------+----------+-------------------------------------------
     0 | D:1      | shas the Troll Berserker began the quest for the Orb.
     0 | D:1      | Reached XP level 1. HP: 22/22 MP: 0/0
   153 | D:1      | Reached XP level 2. HP: 29/29 MP: 1/1
   681 | D:2      | Reached XP level 3. HP: 32/36 MP: 2/2
   831 | D:2      | Reached ** piety under Trog
  1059 | D:2      | Reached XP level 4. HP: 41/44 MP: 3/3
  1122 | D:2      | Reached skill level 4 in Unarmed Combat
  1686 | D:3      | Gained mutation: You possess an exceptional clarity of mind. [potion of mutation]
  1686 | D:3      | Gained mutation: You evolve. [potion of mutation]
  1686 | D:3      | Gained mutation: Potions and wands are less effective at restoring your health. [potion of mutation]
  1887 | D:3      | Reached XP level 5. HP: 34/52 MP: 4/4
  2108 | D:3      | Lost mutation: Potions and wands are less effective at restoring your health. [evolution]
  2435 | D:4      | Reached *** piety under Trog
  2442 | D:4      | Noticed Edmund
  2453 | D:4      | Killed Edmund
  2453 | D:4      | Reached skill level 5 in Unarmed Combat
  2453 | D:4      | Reached XP level 6. HP: 45/61 MP: 5/5
  2498 | D:4      | Noticed Blork the orc
  2510 | D:4      | Killed Blork the orc
  2687 | D:4      | Reached skill level 6 in Unarmed Combat
  2952 | D:4      | Reached XP level 7. HP: 48/67 MP: 6/6
  3082 | D:5      | Entered Level 5 of the Dungeon
  3117 | D:5      | Reached skill level 7 in Unarmed Combat
  3122 | D:5      | Noticed Pikel
  3129 | D:5      | Killed Pikel
  3129 | D:5      | Reached skill level 1 in Stealth
  3129 | D:5      | Reached skill level 8 in Unarmed Combat
  3129 | D:5      | Reached XP level 8. HP: 30/75 MP: 7/7
  3264 | D:5      | Found a basalt altar of Yredelemnul.
  3986 | D:6      | Reached skill level 5 in Dodging
  4438 | D:6      | Found a staircase to the Ecumenical Temple.
  4475 | D:6      | Reached skill level 9 in Unarmed Combat
  4524 | D:6      | Reached skill level 1 in Evocations
  4783 | D:6      | Reached **** piety under Trog
  4783 | D:6      | Reached XP level 9. HP: 51/84 MP: 8/8
  4873 | D:7      | Noticed Prince Ribbit
  4876 | D:7      | Killed Prince Ribbit
  4934 | D:7      | Noticed a hellwing
  4960 | D:7      | Reached skill level 10 in Unarmed Combat
  4973 | D:7      | Slain by a hellwing

Skill      XL: |  1  2  3  4  5  6  7  8  9 |
---------------+----------------------------+-----
Unarmed Combat | 4 5 6 8 9 10 | 10.3
Dodging        | 3 4 5 |  5.6
Fighting       | 3 |  3.9
Stealth        | 1 |  1.6
Evocations     | 1 |  1.4

Action                   |  1- 3 |  4- 6 |  7- 9 || total
-------------------------+-------+-------+-------++-------
Melee: Unarmed           |    93 |   101 |   152 ||   346
       Punch             |       |     4 |     4 ||     8
Evoke: Wand              |       |       |     8 ||     8
  Use: Scroll            |     6 |     4 |    10 ||    20
       Potion            |     4 |     3 |     1 ||     8
 Stab: Sleeping          |     3 |       |     1 ||     4
  Eat: Chunk             |    15 |    17 |    18 ||    50
Armor: Animal skin       |    50 |    20 |    38 ||   108
Dodge: Dodged            |    52 |    37 |    75 ||   164
